 Dungeon Crawl Stone Soup version 0.16.2-12-gd0ad4c3 (webtiles) character file.

80801 Kira the Imperceptible (level 15, -2/82 HPs)
             Began as a Spriggan Enchanter on Oct 22, 2015.
             Was the Champion of Nemelex Xobeh.
             Slain by a redback (8 damage)
             ... on level 1 of the Spider Nest on Oct 23, 2015.
             The game lasted 04:52:19 (31919 turns).

Kira the Imperceptible (Spriggan Enchanter)        Turns: 31919, Time: 04:52:19

Health: -2/82      AC:  7    Str:  4    XL:     15   Next: 24%
Magic:  43/46      EV: 15    Int: 24    God:    Nemelex Xobeh [******]
Gold:   2528       SH:  0    Dex: 21    Spells: 3 memorised, 33 levels left

rFire  . . .     SeeInvis +     e - +0 rapier (elec)
rCold  . . .     Clarity  .     q - +1 robe of Distant Worlds {MR+ Dex+5}
rNeg   . . .     SustAb   .     (shield restricted)
rPois  +         Gourm    .     D - +1 hat {SInv}
rElec  .         Spirit   .     J - +2 cloak {rPois}
rCorr  +         Warding  .     (gloves unavailable)
rMut   .         Stasis   .     (boots unavailable)
MR     +++..                    X - amulet of resist corrosion
Stlth  ++++++++++               L - ring "Pilisupn" {rPois MP+9 Stlth+}
                                V - ring of invisibility

@: lethally poisoned (-2 -> -18), held, very quick, extremely resistant to
hostile enchantments, uncannily stealthy
A: unfitting armour, see invisible, breathe flames 1, herbivore 3, speed 3,
robust 1, slow metabolism 2
a: Triple Draw, Deal Four, Stack Five, Renounce Religion, Breathe Fire, Evoke
Invisibility


You were on level 1 of the Spider Nest.
You worshipped Nemelex Xobeh.
Nemelex Xobeh was exalted by your worship.
You were not hungry.

You visited 5 branches of the dungeon, and saw 27 of its levels.
You also visited: Labyrinth and Bailey.

You collected 2918 gold pieces.
You spent 390 gold pieces at shops.

Inventory:

Hand weapons
 e - a +0 rapier of electrocution (weapon)
Armour
 q - the +1 robe of Distant Worlds (worn) {MR+ Dex+5}
   (You found it on level 6 of the Lair of Beasts)

   It affects your dexterity (+5).
   It affects your resistance to hostile enchantments.
 D - a +1 hat of see invisible (worn)
 J - a +2 cloak of poison resistance (worn)
Jewellery
 b - an uncursed ring of protection from cold
 l - an uncursed ring of protection from fire
 L - the ring "Pilisupn" (right hand) {rPois MP+9 Stlth+}
   (You found it on level 1 of the Lair of Beasts)

   [ring of poison resistance]

   It protects you from poison.
   It affects your magic capacity (+9).
   It makes you more stealthy.
 V - a ring of invisibility (left hand)
 X - an amulet of resist corrosion (around neck)
Magical devices
 h - a wand of frost (26)
 v - a wand of hasting (3)
 y - a wand of flame (14)
 A - a wand of magic darts (13)
 Y - a wand of digging (21)
Scrolls
 f - 14 scrolls of identify
 o - 2 scrolls of fog {unknown}
 u - 10 scrolls of teleportation
 z - 9 scrolls of blinking {unknown}
 C - a scroll of holy word {unknown}
 H - a scroll of acquirement {unknown}
Potions
 i - 4 potions of flight {unknown}
 j - 7 potions of heal wounds {unknown}
 p - 3 potions of poison {unknown}
 t - 2 potions of berserk rage {unknown}
 w - 10 potions of might {unknown}
 F - 5 potions of degeneration {unknown}
 I - a potion of cure mutation {unknown}
 K - 2 potions of magic {unknown}
 N - 3 potions of ambrosia {unknown}
 Q - a potion of cancellation {unknown}
 R - 4 potions of resistance {unknown}
 W - 4 potions of invisibility {unknown}
Miscellaneous
 c - a phial of floods (inert)
 g - a plain deck of wonders {Wild Magic}
 m - a plain deck of war
 n - an ornate deck of escape
 s - an ornate deck of war
 S - a plain deck of destruction {drawn: 2}
 Z - a crystal ball of energy
Comestibles
 d - 14 bread rations


   Skills:
 - Level 7.0 Fighting
 + Level 5.4 Short Blades
 + Level 10.6 Dodging
 + Level 22.8 Stealth
 + Level 12.8 Spellcasting
 + Level 12.5 Hexes
 * Level 15.5 Evocations


You had 33 spell levels left.
You knew the following spells:

 Your Spells              Type           Power        Failure   Level  Hunger
a - Corona                Hex            ######.      1%          1    None
b - Ensorcelled Hibernat  Hex/Ice        #####.       1%          2    None
c - Confuse               Hex            ######..     1%          3    None


Dungeon Overview and Level Annotations

Branches:
Dungeon (13/15)            Temple (1/1) D:4            Lair (8/8) D:10
 Shoals (0/5) Lair:5       Spider (1/5) Lair:3        Slime (0/6) Lair:6
    Orc (4/4) D:12            Elf (0/3) Orc:3        Vaults (0/5) D:13

Altars:
Ashenzari
Cheibriados
Dithmenos
Elyvilon
Fedhas
Gozag
Kikubaaqudgha
Makhleb
Nemelex Xobeh
Okawaru
Qazlal
Ru
Sif Muna
Trog
Vehumet
Xom
Yredelemnul
Zin
The Shining One
Beogh

Shops:
D:10 =:   Orc:4 %[%%

Portals:
Trove: D:12 (give horn of Geryon)


Innate Abilities, Weirdness & Mutations

You are tiny and cannot use many weapons and most armour.
You have supernaturally acute eyesight.
You are a herbivore.
You cover ground extremely quickly.
You need consume almost no food.
You can breathe flames.
You are robust (+10% HP).


Message History

The wolf spider struggles to resist.
The wolf spider completely misses you. The wolf spider bites you.
You are poisoned.
The wolf spider poisons you! The redback closely misses you.
The jumping spider leaps!
You feel sick.
You feel sick. The jumping spider pounces on you!
You are caught in a web!
The jumping spider bites you but does no damage.
There is a web, spattered with blood here.
You struggle to detach yourself from the web.
You feel sick. The wolf spider hits you! The wolf spider bites you!
* * * LOW HITPOINT WARNING * * *
The redback barely misses you. The jumping spider pounces on you!
* * * LOW HITPOINT WARNING * * *
You are even more entangled.
The jumping spider barely misses you. The wolf spider misses you.
The wolf spider bites you.
* * * LOW HITPOINT WARNING * * *
The redback bites you!
You die...
Your body glows with a rainbow of weird colours and disappears.

###.....#........#
...............$.%
...................
.................>..
s...............#...
........!.......#
...............####
..s.....^.ss.......
....^...#.@........
...s...#.s^.......
......#....#....
......#..<.#....
.....#....# ... .
.#....# #....#
##...# #####


You could see a wolf spider, a jumping spider, a redback and a spider
(wandering).

Vanquished Creatures
  Maud (Lair:4)
  An orc warlord (Orc:4)
  Gastronok (Orc:4)
  An ettin (Orc:3)
  A minotaur (Lab)
  Fannar (Lair:5)
  The ghost of Kulrik the Fighter, a powerful HaFi of Trog (D:11)
  7 hydras
  2 centaur warriors (D:13)
  A deep troll shaman (Lair:8)
  17 death yaks
  6 orc high priests (Orc:4)
  Urug (Orc:4)
  A shadow wraith (D:13)
  An unseen horror (D:10)
  A wizard (D:13)
  4 hill giants
  Pikel (D:6)
  9 orc knights
  A lindwurm (D:13)
  2 griffons
  2 ugly things (D:13)
  4 black mambas
  5 orc sorcerers (Orc:4)
  3 cyclopes
  Joseph (D:7)
  2 centaur zombies
  A siren (Lair:5)
  2 elephants (Lair:8)
  12 spiny frogs
  2 gargoyles
  A torpor snail (Lair:5)
  A spiny frog (shapeshifter) (D:13)
  Psyche (D:10)
  9 komodo dragons
  4 fire drakes
  7 trolls
  A polar bear (Lair:8)
  7 two-headed ogres
  5 blink frogs (Lair:4)
  A basilisk (Lair:3)
  A redback (Lair:3)
  A deep elf mage (D:13)
  A hog (shapeshifter) (D:13)
  23 yaks
  A hippogriff (shapeshifter) (D:13)
  Eustachio (D:5)
  2 wyverns
  A wraith (D:10)
  The ghost of bezhaha the Skirmisher, an average DsGl (D:3)
  7 hippogriffs
  5 wargs
  A steam dragon (D:11)
  Edmund (D:7)
  4 wolves (Lair:8)
  3 porcupines
  10 water moccasins
  4 sky beasts
  2 ice beasts
  14 ogres
  4 phantoms
  4 black bears
  3 spiders
  4 slaves
  58 orc warriors
  3 centaurs
  12 crocodiles
  Sigmund (D:5)
  Duvessa (D:5)
  2 gnoll sergeants (D:6)
  3 big kobolds (D:9)
  14 giant frogs
  A wyvern skeleton (D:12)
  3 scorpions
  4 wights
  9 killer bees (D:10)
  An electric eel (D:13)
  A goliath beetle (D:6)
  4 crimson imps
  A lava snake (Lair:8)
  Dowan (D:5)
  30 orc priests
  7 jellies
  2 centaur skeletons
  11 hounds
  Crazy Yiuf (D:7)
  3 giant frog skeletons
  26 orc wizards
  7 iguanas
  9 worker ants
  2 sheep (D:9)
  3 hound zombies
  2 hound skeletons
  Robin (D:2)
  15 gnolls
  An orc zombie (D:6)
  32 river rats
  5 shadow imps
  15 adders
  2 giant mites
  2 worms
  2 adder skeletons
  An adder zombie (D:5)
  5 giant geckos
  An ooze (D:3)
  295 orcs
  2 ball pythons (D:1)
  29 bats
  2 bat skeletons
  3 giant cockroaches
  22 hobgoblins
  6 jackals
  6 kobolds
  13 quokkas
  2 giant newts
  A giant spore (D:11)
  34 goblins
  2 quokka skeletons
  16 rats
  7 ballistomycetes (D:6)
974 creatures vanquished.

Vanquished Creatures (collateral kills)
  A catoblepas (Lair:8)
  A death yak (Lair:8)
2 creatures vanquished.

Vanquished Creatures (others)
  2 water elementals (Lair:8)
  An orc (Orc:4)
  A giant spore (D:6)
  4 fungi (Lair:8)
  3 plants (Lair:8)
11 creatures vanquished.

Grand Total: 987 creatures vanquished

Notes
Turn   | Place    | Note
--------------------------------------------------------------
     0 | D:1      | Kira, the Spriggan Enchanter, began the quest for the Orb.
     0 | D:1      | Reached XP level 1. HP: 9/9 MP: 4/4
   133 | D:1      | Reached XP level 2. HP: 10/13 MP: 3/7
   256 | D:1      | Learned a level 2 spell: Ensorcelled Hibernation
   499 | D:2      | Reached XP level 3. HP: 16/16 MP: 6/10
   517 | D:2      | Reached skill level 5 in Stealth
   626 | D:2      | Found a blossoming altar of Fedhas.
   706 | D:2      | Noticed Robin
   762 | D:2      | Killed Robin
  1028 | D:2      | Reached XP level 4. HP: 21/21 MP: 9/13
  1389 | D:3      | Reached skill level 1 in Fighting
  1545 | D:3      | Found a stormy altar of Qazlal.
  1545 | D:3      | Found a shadowy altar of Dithmenos.
  1637 | D:3      | Found an opulent altar of Gozag.
  1711 | D:3      | Learned a level 3 spell: Confuse
  1720 | D:3      | Found a burning altar of Makhleb.
  1792 | D:3      | Noticed bezhaha's ghost (average DsGl)
  1821 | D:3      | Killed bezhaha's ghost
  1821 | D:3      | Reached skill level 6 in Stealth
  1821 | D:3      | Reached XP level 5. HP: 23/26 MP: 7/17
  1834 | D:3      | Found a white marble altar of Elyvilon.
  1882 | D:3      | Found a deep blue altar of Sif Muna.
  1993 | D:4      | Reached XP level 6. HP: 28/30 MP: 16/18
  1999 | D:4      | Reached skill level 5 in Hexes
  2224 | D:4      | Reached skill level 7 in Stealth
  2247 | D:4      | Found an ancient bone altar of Kikubaaqudgha.
  2601 | D:4      | Noticed an ogre
  2603 | D:4      | Found a staircase to the Ecumenical Temple.
  2610 | D:4      | Killed an ogre
  2610 | D:4      | Reached skill level 1 in Evocations
  2723 | D:4      | Found an ancient bone altar of Kikubaaqudgha.
  2755 | Temple   | Entered the Ecumenical Temple
  3170 | D:5      | Entered Level 5 of the Dungeon
  3249 | D:5      | Noticed Dowan
  3252 | D:5      | Noticed Duvessa
  3254 | D:5      | Killed Dowan
  3300 | D:5      | Killed Duvessa
  3300 | D:5      | Reached skill level 5 in Dodging
  3300 | D:5      | Reached XP level 7. HP: 35/35 MP: 16/21
  3398 | D:5      | Noticed Sigmund
  3405 | D:5      | Killed Sigmund
  3405 | D:5      | Reached skill level 8 in Stealth
  3446 | D:5      | Noticed Eustachio
  3458 | D:5      | Killed Eustachio
  3989 | D:5      | Found a bloodstained altar of Trog.
  4071 | D:6      | Reached XP level 8. HP: 34/39 MP: 16/23
  4092 | D:6      | HP: 1/39 [ogre/giant club (20)]
  4641 | D:6      | Reached skill level 9 in Stealth
  4858 | D:6      | Reached skill level 5 in Spellcasting
  4876 | D:6      | Reached skill level 5 in Evocations
  5340 | D:6      | Noticed Pikel
  5948 | D:6      | Killed Pikel
  5948 | D:6      | Reached skill level 10 in Stealth
  5948 | D:6      | Reached XP level 9. HP: 36/45 MP: 5/26
  6401 | D:7      | Noticed Joseph
  6428 | D:7      | HP: 2/45 [Joseph/uncursed quarterstaff of speed (9)]
  6517 | D:7      | Killed Joseph
  6785 | D:7      | Found a shimmering altar of Xom.
  6871 | D:7      | Noticed Edmund
  6878 | D:7      | Reached skill level 11 in Stealth
  6917 | D:7      | Killed Edmund
  7044 | D:7      | Noticed Crazy Yiuf
  7127 | D:7      | Killed Crazy Yiuf
  7309 | D:8      | Found a sparkling altar of Nemelex Xobeh.
  7318 | D:8      | Became a worshipper of Nemelex Xobeh the Trickster
  7344 | D:8      | Received a gift from Nemelex Xobeh
  7536 | D:8      | Reached XP level 10. HP: 51/51 MP: 29/29
  7870 | D:8      | Reached skill level 5 in Fighting
  8002 | D:9      | Found a glowing golden altar of the Shining One.
  8136 | D:9      | Reached skill level 12 in Stealth
  8326 | D:9      | Received a gift from Nemelex Xobeh
  8927 | D:9      | Noticed a three-headed hydra
  8931 | D:9      | Killed a three-headed hydra
  8931 | D:9      | Reached skill level 13 in Stealth
  8950 | D:10     | Entered Level 10 of the Dungeon
  8986 | D:10     | Received a gift from Nemelex Xobeh
  9008 | D:10     | Found a staircase to the Lair.
  9040 | D:10     | Noticed an unseen horror
  9041 | D:10     | Killed an unseen horror
  9064 | D:10     | Noticed a hill giant
  9073 | D:10     | Killed a hill giant
  9073 | D:10     | Reached skill level 14 in Stealth
  9073 | D:10     | Reached XP level 11. HP: 54/56 MP: 21/31
  9126 | D:10     | Noticed Psyche
  9133 | D:10     | Killed Psyche
  9155 | D:10     | Gained mutation: You are robust (+10% HP). [potion of beneficial mutation]
  9162 | D:10     | Reached skill level 10 in Evocations
  9269 | D:10     | Noticed a hill giant
  9273 | D:10     | Killed a hill giant
  9317 | D:10     | Noticed a hill giant
  9326 | D:10     | Killed a hill giant
  9725 | D:10     | Found Veothraz's Book Shop.
  9739 | D:10     | Found Feesuosi's Jewellery Emporium.
  9742 | D:10     | Bought an uncursed ring of invisibility for 390 gold pieces
  9860 | D:11     | Received a gift from Nemelex Xobeh
  9997 | D:11     | Found a flagged portal.
 10052 | Bailey   | Entered a bailey
 10086 | Bailey   | Reached skill level 15 in Stealth
 11296 | D:11     | Received a gift from Nemelex Xobeh
 11380 | D:11     | Reached skill level 16 in Stealth
 11526 | D:11     | Noticed Kulrik's ghost (powerful HaFi)
 11558 | D:11     | Killed Kulrik's ghost
 11558 | D:11     | Reached XP level 12. HP: 55/68 MP: 28/32
 11685 | D:12     | Received a gift from Nemelex Xobeh
 11767 | D:12     | Found a staircase to the Orcish Mines.
 11965 | D:12     | Acquired Nemelex Xobeh's first power
 12065 | D:12     | Found a portal to a secret trove of treasure.
 12069 | D:12     | Noticed an eight-headed hydra
 12074 | D:12     | Killed an eight-headed hydra
 12139 | D:12     | Received a gift from Nemelex Xobeh
 12628 | D:13     | Received a gift from Nemelex Xobeh
 12701 | D:13     | Noticed a centaur warrior
 12746 | D:13     | Killed a centaur warrior
 12746 | D:13     | Reached skill level 17 in Stealth
 13003 | D:13     | Noticed a centaur warrior
 13195 | D:13     | Noticed a centaur warrior
 13200 | D:13     | Killed a centaur warrior
 13276 | D:13     | Reached skill level 10 in Spellcasting
 13427 | D:13     | Reached skill level 10 in Hexes
 13521 | D:13     | Found a gate to the Vaults.
 13862 | Orc:1    | Entered Level 1 of the Orcish Mines
 13870 | Orc:1    | Found a glowing golden altar of the Shining One.
 13958 | Orc:1    | You fall through a shaft!
 14308 | Orc:2    | Acquired Nemelex Xobeh's second power
 15413 | Orc:3    | Received a gift from Nemelex Xobeh
 15487 | Orc:3    | Noticed an ettin
 15492 | Orc:3    | Killed an ettin
 15542 | Orc:4    | Entered Level 4 of the Orcish Mines
 15908 | Orc:4    | Noticed Urug
 16153 | Orc:4    | Killed Urug
 16174 | Orc:4    | Received a gift from Nemelex Xobeh
 16177 | Orc:4    | Reached skill level 18 in Stealth
 16225 | Orc:4    | Reached XP level 13. HP: 64/73 MP: 26/34
 16736 | Orc:4    | Received a gift from Nemelex Xobeh
 16778 | Orc:4    | Acquired Nemelex Xobeh's third power
 18355 | Orc:4    | Noticed an orc warlord
 18394 | Orc:4    | Killed an orc warlord
 18394 | Orc:4    | Reached skill level 19 in Stealth
 19181 | Orc:4    | Found Wiobeosch's Antique Armour Boutique.
 19522 | Orc:4    | Found a roughly hewn altar of Beogh.
 19543 | Orc:4    | Found Pnau's Food Shop.
 20486 | Orc:4    | Found a roughly hewn altar of Beogh.
 20616 | Orc:4    | Found Sugig's Food Boutique.
 20771 | Orc:4    | Found Umaocez's Food Shop.
 20782 | Orc:4    | Noticed Gastronok
 20816 | Orc:4    | Killed Gastronok
 21154 | Orc:3    | Found a staircase to the Elven Halls.
 21154 | Orc:3    | Received a gift from Nemelex Xobeh
 21550 | D:10     | Reached skill level 20 in Stealth
 21602 | Lair:1   | Entered Level 1 of the Lair of Beasts
 21772 | Lair:1   | Got an ancient copper ring
 21774 | Lair:1   | Identified the ring "Pilisupn" {rPois MP+9 Stlth+} (You found it on level 1 of the Lair of Beasts)
 21811 | Lair:1   | You fall through a shaft!
 21811 | Lair:2   | Received a gift from Nemelex Xobeh
 21885 | Lair:2   | Reached skill level 10 in Dodging
 21885 | Lair:2   | Reached XP level 14. HP: 79/79 MP: 36/36
 22156 | Lair:1   | Received a gift from Nemelex Xobeh
 23312 | Lair:2   | Received a gift from Nemelex Xobeh
 23318 | Lair:2   | Gained mutation: You can breathe flames. [potion of beneficial mutation]
 23868 | Lair:3   | Got a slimy iron ring
 23871 | Lair:3   | Identified the ring of Chiwos {Wiz Int+2} (You found it on level 3 of the Lair of Beasts)
 24003 | Lair:3   | Reached skill level 5 in Short Blades
 24032 | Lair:3   | Received a gift from Nemelex Xobeh
 24537 | Lair:3   | Found a labyrinth entrance.
 24546 | Lab      | Entered a labyrinth
 24677 | Lab      | Got a flickering bone ring
 24679 | Lab      | Identified the ring "Zuprephu" {rElec MR+ Int-4 Dex+5} (You found it in a labyrinth)
 24746 | Lair:3   | Found a hole to the Spider Nest.
 25559 | Lair:4   | Noticed Maud
 25566 | Lair:4   | Killed Maud
 25566 | Lair:4   | Reached skill level 21 in Stealth
 25577 | Lair:4   | Found a glowing golden altar of the Shining One.
 25686 | Lair:4   | Received a gift from Nemelex Xobeh
 26710 | Lair:5   | Received a gift from Nemelex Xobeh
 26717 | Lair:5   | Noticed Fannar
 26726 | Lair:5   | Killed Fannar
 27101 | Lair:5   | Found a staircase to the Shoals.
 27835 | Lair:6   | Got a transparent robe
 27852 | Lair:6   | Received a gift from Nemelex Xobeh
 27952 | Lair:6   | Found a staircase to the Slime Pits.
 28429 | Lair:7   | Received a gift from Nemelex Xobeh
 28661 | Lair:7   | Received a gift from Nemelex Xobeh
 28670 | Lair:7   | Reached skill level 15 in Evocations
 29020 | D:11     | Identified the +1 robe of Distant Worlds {MR+ Dex+5} (You found it on level 6 of the Lair of Beasts)
 29530 | Lair:7   | Received a gift from Nemelex Xobeh
 29865 | Lair:8   | Entered Level 8 of the Lair of Beasts
 29912 | Lair:8   | Reached skill level 22 in Stealth
 30030 | Lair:8   | Received a gift from Nemelex Xobeh
 30391 | Lair:8   | Reached XP level 15. HP: 72/82 MP: 37/37
 30864 | Lair:8   | Received a gift from Nemelex Xobeh
 31899 | Spider:1 | Entered Level 1 of the Spider Nest
 31919 | Spider:1 | Slain by a redback

Action                   |  1- 3 |  4- 6 |  7- 9 | 10-12 | 13-15 || total
-------------------------+-------+-------+-------+-------+-------++-------
Melee: Dagger            |   107 |   162 |   338 |   620 |   523 ||  1750
       Rapier            |       |       |       |       |   191 ||   191
 Cast: Corona            |     7 |    10 |     5 |     4 |       ||    26
       Ensorcelled Hiber |    20 |    26 |   116 |   249 |   431 ||   842
       Confuse           |       |     2 |    17 |    31 |    16 ||    66
 Abil: Evoke Invisibilit |       |       |       |    12 |    15 ||    27
Evoke: Wand              |       |       |       |     4 |     1 ||     5
       Deck              |       |       |       |     3 |     2 ||     5
       Crystal ball of e |       |       |       |       |     1 ||     1
       Phial of floods   |       |       |       |       |     1 ||     1
  Use: Scroll            |       |       |       |    15 |    11 ||    26
       Potion            |       |       |       |     2 |     3 ||     5
 Stab: Sleeping          |    24 |    30 |    81 |   228 |   377 ||   740
       Confused          |       |     4 |     9 |    14 |     9 ||    36
       Invisible         |       |       |       |    37 |    51 ||    88
       Distracted        |       |       |       |     2 |     1 ||     3
  Eat: Fruit             |       |     1 |     6 |       |    24 ||    31
       Pizza             |       |     1 |       |     9 |     1 ||    11
